Map: Ascension to Aiur LE

Players

Yata

  • Race: Zerg Zerg
  • League: Platinum
  • Spawn Location: 5:00

Entchiv - Winner!

  • Race: Zerg Zerg
  • Spawn Location: 11:00

VOD

Have the link to the VOD?

Description

Time

  • Played on: Sept. 27, 2017, 3:04 p.m.
  • Length: 6:56
Show
View Real Time Build Order
Export as new Build Order

Yata Zerg 

Build Orders: Hatch First 

Get SALT Encoding   

  12  0:01  Drone  
  13  0:13  Overlord  
  13  0:18  Drone  
  14  0:31  Drone x2  
  14  0:35  Drone  
  17  0:55  Hatchery  
  17  0:56  Drone  
  17  0:59  Drone  
  18  1:10  Extractor  
  17  1:15  Spawning Pool  
  17  1:17  Drone  
  17  1:21  Drone  
  18  1:28  Drone  
  19  1:41  Overlord  
  19  1:55  Drone  
  20  2:03  Drone  
  20  2:05  Queen  
  20  2:08  Queen  
  25  2:12  Zergling x4  
  25  2:13  Metabolic Boost  
  27  2:23  Zergling x4  
  29  2:34  Baneling Nest  
  29  2:35  Drone x2  
  30  2:53  Queen  
  30  2:55  Drone x4  
  36  3:12  Overlord x2  
  36  3:33  Drone x5  
  36  3:34  Drone x2  
  43  3:57  Zergling x4  
  43  3:58  Zergling x4  
  43  4:02  Baneling  
  47  4:03  Baneling x2  
  47  4:04  Zergling x4  
  47  4:05  Zergling x4  
  51  4:20  Zergling x2  
  51  4:23  Overlord x4  
  52  4:40  Overlord x2  
  52  4:41  Overlord x2  
  52  4:47  Zergling x2  
  52  4:48  Zergling x8  
  56  5:13  Zergling x4  
  56  5:14  Zergling x8  
  61  5:22  Drone  
  62  5:36  Hatchery  
  62  5:42  Zergling x2  
  62  5:43  Zergling x10, Hatchery  
  66  6:02  Zergling x2  
  66  6:03  Zergling x2  
  47  6:12  Extractor, Drone x2  
  48  6:20  Baneling x2  
  48  6:21  Baneling  
  48  6:22  Zergling x4  
  50  6:33  Zergling x10  
Show
View Real Time Build Order
Export as new Build Order

Entchiv Zerg - Winner!

Build Orders: Hatch First 

Get SALT Encoding   

  12  0:04  Drone  
  13  0:12  Overlord  
  13  0:28  Drone  
  14  0:37  Drone x2  
  16  0:49  Drone  
  17  1:08  Hatchery  
  16  1:12  Drone  
  16  1:14  Extractor  
  16  1:20  Drone, Spawning Pool  
  16  1:21  Drone  
  17  1:26  Drone  
  18  1:37  Drone  
  19  1:51  Overlord  
  19  2:06  Queen  
  21  2:09  Zergling x2  
  22  2:19  Drone x2  
  22  2:21  Queen  
  26  2:26  Metabolic Boost  
  26  2:34  Drone x2  
  26  2:35  Drone  
  29  2:46  Baneling Nest  
  29  2:49  Overlord  
  28  2:55  Drone x2  
  28  2:57  Queen  
  31  3:13  Drone x4  
  35  3:29  Drone x4  
  35  3:30  Drone  
  40  3:36  Zergling x6  
  43  3:43  Overlord x2  
  43  3:44  Roach Warren  
  40  4:00  Extractor, Lair  
  39  4:08  Zergling x4  
  41  4:20  Baneling x5  
  41  4:21  Zergling x10  
  41  4:22  Zergling x6  
  48  4:28  Baneling x2  
  47  5:01  Zergling x6  
  47  5:02  Zergling x14  
  57  5:14  Baneling  
  57  5:15  Baneling x2  
  57  5:18  Overlord  
  57  5:22  Roach  
  57  5:25  Overlord  
  56  6:16  Zergling x2  
  56  6:17  Zergling x16  
  65  6:27  Hatchery  
Tags
 
League
Platinum
Matchup
ZvZ
Race
Zerg
Replay Pack
Pack 1
Spawn Locations
Cross Positions
Add a new tag
Caveats
  • Supply blocks, unpowered buildings, or Contaminate may cause inaccurate times.
  • Supply counts are checked every 10 seconds.